CHICAGO vs COLUMBUS

Created - March-05-21 at 19:27

Goals
1 2 3 T
CHICAGO 1 0 0 1
COLUMBUS 1 1 1 3
Shots
1 2 3 T
CHICAGO 14 7 9 30
COLUMBUS 5 19 15 39

1st period

1. CHICAGO , Erik Haula 9 (Tyson Barrie 17, Nick Leddy 12) at 6:38
2. COLUMBUS , Lars Eller 7 (Jonathan Drouin 9, Mattias Ekholm 11) at 15:48

Penalties :
Anthony Beauvillier (CBJ) for Goalie Interference (Minor) at 2:06

2nd period

3. COLUMBUS , Steven Stamkos 16 (Aleksander Barkov 25) at 12:58

Penalties :
Cody Eakin (CHI) for Holding Stick (Minor) at 17:00

3rd period

4. COLUMBUS , Aleksander Barkov 13 (Jacob Trouba 18, T.J. Oshie 4) at 9:50

Penalties :
Anthony Beauvillier (CBJ) for Hooking (Minor) at 0:57, Travis Dermott (CHI) for Hooking (Minor) at 7:33, Steven Stamkos (CBJ) for Hooking (Minor) at 9:32, Michael Del Zotto (CHI) for Hooking (Minor) at 9:32

Goalie Stats

James Reimer (CHI), 36 saves from 39 shots - (0.923), L, 11-18-3, 60:00 minutes
David Rittich (CBJ), 29 saves from 30 shots - (0.967), W, 3-0-0, 60:00 minutes

Players Stats for CHICAGO

Player Name              G  A  P  +/- PIM S  H  SB GA TA FO     MP     PP MP  PK MP  
------------------------------------------------------------------------------------
Brandon Sutter           0  0  0   0  0   2  1  0  0  0  5/13   13:08   0:00   0:00 
Brendan Perlini          0  0  0  -1  0   1  1  0  0  0  1/1     6:09   0:00   0:07 
Brett Murray             0  0  0  -1  0   0  1  0  0  0  0/1     6:23   0:00   0:00 
Cody Eakin               0  0  0   0  2   2  3  0  0  0  2/3    18:21   2:09   0:00 
Connor Bunnaman          0  0  0  -1  0   0  1  0  0  0  1/6     6:02   0:00   0:00 
Erik Haula               1  0  1   0  0   5  0  0  0  0  0/0    16:52   1:49   0:00 
Frans Nielsen            0  0  0  -1  0   2  0  0  0  0  15/30  18:55   1:49   1:01 
Gustav Nyquist           0  0  0   0  0   3  1  0  0  0  1/7    21:15   2:09   2:17 
Haydn Fleury             0  0  0  -1  0   2  2  1  0  0  0/0    16:56   2:08   0:00 
Mark Pysyk               0  0  0  -1  0   1  1  2  0  0  0/0    18:07   0:00   1:39 
Michael Del Zotto        0  0  0   0  2   0  1  0  0  0  0/0    16:43   0:00   1:38 
Mikkel Boedker           0  0  0   0  0   0  0  0  0  0  1/3    13:40   0:00   0:53 
Milan Lucic              0  0  0  -1  0   0  2  0  0  0  0/0    18:55   1:49   1:01 
Nick Leddy               0  1  1   0  0   0  4  1  0  0  0/0    24:57   1:50   2:19 
Sven Baertschi           0  0  0   0  0   5  0  0  0  0  0/1    12:47   0:00   0:00 
Travis Dermott           0  0  0  -2  2   1  5  0  0  0  0/0    18:18   2:08   0:00 
Tyler Bozak              0  0  0   0  0   5  1  0  0  0  8/21   21:35   2:09   2:37 
Tyson Barrie             0  1  1   0  0   1  0  4  0  0  0/0    24:57   1:50   2:19 

Players Stats for COLUMBUS

Player Name              G  A  P  +/- PIM S  H  SB GA TA FO     MP     PP MP  PK MP  
------------------------------------------------------------------------------------
Aleksander Barkov        1  1  2   1  0   6  2  0  0  0  19/31  22:01   2:09   2:41 
Anthony Beauvillier      0  0  0   0  4   0  1  0  0  0  0/2    17:58   2:09   0:00 
Ben Chiarot              0  0  0   1  0   1  2  1  0  0  0/0    20:33   1:49   2:28 
Cam Atkinson             0  0  0   0  0   3  1  0  0  0  0/1    13:29   0:00   0:00 
Carl Gunnarsson          0  0  0   0  0   0  0  1  0  0  0/0     4:44   0:00   0:00 
Derek Grant              0  0  0   0  0   5  0  0  0  0  9/17   14:22   0:00   0:53 
Erik Cernak              0  0  0   1  0   0  3  3  0  0  0/0    14:22   0:00   0:00 
Jack Roslovic            0  0  0   0  0   0  0  0  0  0  0/1     6:48   0:00   0:24 
Jacob Trouba             0  1  1   1  0   2  0  2  0  0  0/0    20:33   1:49   2:28 
John Carlson             0  0  0   0  0   3  0  0  0  0  0/0    25:05   2:09   1:30 
Jonathan Drouin          0  1  1   1  0   5  0  0  0  0  1/1    16:49   1:49   0:00 
Kaapo Kakko              0  0  0   0  0   1  0  0  0  0  0/0     6:21   0:00   0:00 
Lars Eller               1  0  1   1  0   1  0  0  0  0  15/23  17:42   1:49   0:53 
Luke Kunin               0  0  0   0  0   0  2  0  0  0  5/6     6:21   0:00   0:00 
Mattias Ekholm           0  1  1   0  0   3  0  1  0  0  0/0    20:21   2:09   1:30 
Ryan Murray              0  0  0   1  0   0  0  2  0  0  0/0    14:22   0:00   0:00 
Sean Kuraly              0  0  0   0  0   1  6  0  0  0  2/2    13:20   0:00   0:24 
Steven Stamkos           1  0  1   0  2   6  3  1  0  0  1/2    20:40   2:08   2:41 
T.J. Oshie               0  1  1   2  0   2  1  0  0  0  0/0    18:09   1:49   0:00 

3 Stars

1 - Aleksander Barkov (CBJ)
2 - David Rittich (CBJ)
3 - Lars Eller (CBJ)

Power Play

CHICAGO - 0 on 2 Attempt(s) - 0.00%
COLUMBUS - 0 on 2 Attempt(s) - 0.00%

Penalty Kill

CHICAGO - 2 on 2 Attempt(s) - 100.00% - Score 0 goal in Penalty Kill
COLUMBUS - 2 on 2 Attempt(s) - 100.00% - Score 0 goal in Penalty Kill

Team Stat

CHICAGO - Hits : 24 - Faceoff Wins : 34 - Blocked Shots : 8 - Penalty Minutes : 6
COLUMBUS - Hits : 21 - Faceoff Wins : 52 - Blocked Shots : 11 - Penalty Minutes : 6

Official

Referees : Kevin Pollock and Beaudry Halkidis
Linesman : Neil Campbell and Dennis Urban

Game Notes

No Game Note

Finance

Level 1 -- Attendance: 5404 (90.07%) -- Ticket Income $486,360
Level 2 -- Attendance: 4609 (92.18%) -- Ticket Income $230,450
Level 3 -- Attendance: 2000 (100.00%) -- Ticket Income $60,000
Level 4 -- Attendance: 4000 (100.00%) -- Ticket Income $60,000
Luxury Box -- Attendance: 1000 (100.00%) -- Ticket Income $180,000
Game was played at the Nationwide Arena.
Total Attendance: 17013 (94.52%)
Total Ticket Income: $1,016,810
Total Income: $1,016,810

CHICAGO

5 vs 5 Forward 
   Center                   Left Wing                Right Wing               Time % Phy DF OF 
 1 Tyler Bozak              Cody Eakin               Gustav Nyquist           35     1   2  2  
 2 Frans Nielsen            Erik Haula               Milan Lucic              30     1   2  2  
 3 Brandon Sutter           Mikkel Boedker           Sven Baertschi           25     1   2  2  
 4 Connor Bunnaman          Brett Murray             Brendan Perlini          10     1   2  2  

5 vs 5 Defense 
   Defense                  Defense                                           Time % Phy DF OF 
 1 Tyson Barrie             Nick Leddy                                        35     1   2  2  
 2 Travis Dermott           Haydn Fleury                                      30     1   2  2  
 3 Michael Del Zotto        Mark Pysyk                                        25     1   2  2  
 4 Tyson Barrie             Nick Leddy                                        10     1   2  2  

PowerPlay Forward 
   Center                   Left Wing                Right Wing               Time % Phy DF OF 
 1 Tyler Bozak              Cody Eakin               Gustav Nyquist           60     1   2  2  
 2 Frans Nielsen            Erik Haula               Milan Lucic              40     1   2  2  

PowerPlay Defense
   Defense                  Defense                                           Time % Phy DF OF 
 1 Tyson Barrie             Nick Leddy                                        60     1   2  2  
 2 Travis Dermott           Haydn Fleury                                      40     1   2  2  

Penalty Kill 4 Players Forward 
   Center                   Wing                     Time % Phy DF OF 
 1 Gustav Nyquist           Tyler Bozak              60     1   2  2  
 2 Frans Nielsen            Milan Lucic              40     1   2  2  

Penalty Kill 4 Players Defense
   Defense                  Defense                  Time % Phy DF OF 
 1 Tyson Barrie             Nick Leddy               60     1   2  2  
 2 Michael Del Zotto        Mark Pysyk               40     1   2  2  

Penalty Kill - 3 Players Forward 
   Forward                                           Time % Phy DF OF 
 1 Gustav Nyquist                                    60     1   2  2  
 2 Tyler Bozak                                       40     1   2  2  

Penalty Kill - 3 Players Defense
   Defense                  Defense                  Time % Phy DF OF 
 1 Tyson Barrie             Nick Leddy               60     1   2  2  
 2 Michael Del Zotto        Mark Pysyk               40     1   2  2  

4 vs 4 Forward 
   Center                   Wing                     Time % Phy DF OF 
 1 Gustav Nyquist           Tyler Bozak              60     1   2  2  
 2 Frans Nielsen            Milan Lucic              40     1   2  2  

4 vs 4 Defense
   Defense                  Defense                  Time % Phy DF OF 
 1 Tyson Barrie             Nick Leddy               60     1   2  2  
 2 Michael Del Zotto        Mark Pysyk               40     1   2  2  

Last Minutes Offensive
   Center                   Left Wing                Right Wing               Defense                  Defense                  
   Tyler Bozak              Cody Eakin               Gustav Nyquist           Tyson Barrie             Nick Leddy               

Last Minutes Defensive
   Center                   Left Wing                Right Wing               Defense                  Defense                  
   Tyler Bozak              Cody Eakin               Gustav Nyquist           Tyson Barrie             Nick Leddy               

Goaltenders
Starting : James Reimer             
Backup : Cory Schneider           

Extra Forwards
Normal : Brett Murray, Brandon Sutter, Mikkel Boedker - PP : Brett Murray, Brandon Sutter - PK : Mikkel Boedker
Extra Defensemen
Normal : Travis Dermott, Haydn Fleury, Michael Del Zotto - PP : Travis Dermott - PK : Haydn Fleury, Michael Del Zotto
Penalty Shots
Gustav Nyquist, Tyler Bozak, Frans Nielsen, Milan Lucic, Cody Eakin

Scratches
Mason Appleton (Healthy), CHI Cap Hit (Suspend), Tyler Lewington (Healthy), Nikita Nesterov (Healthy), Mike Smith (Healthy)

COLUMBUS

5 vs 5 Forward 
   Center                   Left Wing                Right Wing               Time % Phy DF OF 
 1 Aleksander Barkov        Anthony Beauvillier      Steven Stamkos           35     1   2  2  
 2 Lars Eller               Jonathan Drouin          T.J. Oshie               30     1   2  2  
 3 Derek Grant              Sean Kuraly              Cam Atkinson             25     1   2  2  
 4 Luke Kunin               Jack Roslovic            Kaapo Kakko              10     1   2  2  

5 vs 5 Defense 
   Defense                  Defense                                           Time % Phy DF OF 
 1 John Carlson             Mattias Ekholm                                    35     1   2  2  
 2 Jacob Trouba             Ben Chiarot                                       30     1   2  2  
 3 Erik Cernak              Ryan Murray                                       25     1   2  2  
 4 Carl Gunnarsson          John Carlson                                      10     1   2  2  

PowerPlay Forward 
   Center                   Left Wing                Right Wing               Time % Phy DF OF 
 1 Aleksander Barkov        Anthony Beauvillier      Steven Stamkos           60     1   2  2  
 2 Lars Eller               Jonathan Drouin          T.J. Oshie               40     1   2  2  

PowerPlay Defense
   Defense                  Defense                                           Time % Phy DF OF 
 1 John Carlson             Mattias Ekholm                                    60     1   2  2  
 2 Jacob Trouba             Ben Chiarot                                       40     1   2  2  

Penalty Kill 4 Players Forward 
   Center                   Wing                     Time % Phy DF OF 
 1 Aleksander Barkov        Steven Stamkos           60     1   2  2  
 2 Derek Grant              Lars Eller               40     1   2  2  

Penalty Kill 4 Players Defense
   Defense                  Defense                  Time % Phy DF OF 
 1 John Carlson             Mattias Ekholm           60     1   2  2  
 2 Jacob Trouba             Ben Chiarot              40     1   2  2  

Penalty Kill - 3 Players Forward 
   Forward                                           Time % Phy DF OF 
 1 Aleksander Barkov                                 60     1   2  2  
 2 Lars Eller                                        40     1   2  2  

Penalty Kill - 3 Players Defense
   Defense                  Defense                  Time % Phy DF OF 
 1 John Carlson             Mattias Ekholm           60     1   2  2  
 2 Jacob Trouba             Ben Chiarot              40     1   2  2  

4 vs 4 Forward 
   Center                   Wing                     Time % Phy DF OF 
 1 Aleksander Barkov        T.J. Oshie               60     1   2  2  
 2 Steven Stamkos           Cam Atkinson             40     1   2  2  

4 vs 4 Defense
   Defense                  Defense                  Time % Phy DF OF 
 1 John Carlson             Mattias Ekholm           60     1   2  2  
 2 Jacob Trouba             Ben Chiarot              40     1   2  2  

Last Minutes Offensive
   Center                   Left Wing                Right Wing               Defense                  Defense                  
   Aleksander Barkov        Anthony Beauvillier      Steven Stamkos           John Carlson             Mattias Ekholm           

Last Minutes Defensive
   Center                   Left Wing                Right Wing               Defense                  Defense                  
   Aleksander Barkov        Anthony Beauvillier      Steven Stamkos           John Carlson             Mattias Ekholm           

Goaltenders
Starting : David Rittich            
Backup : Mikko Koskinen           

Extra Forwards
Normal : Derek Grant, Sean Kuraly, Jack Roslovic - PP : Derek Grant, Sean Kuraly - PK : Jack Roslovic
Extra Defensemen
Normal : Erik Cernak, Ryan Murray, Carl Gunnarsson - PP : Erik Cernak - PK : Ryan Murray, Carl Gunnarsson
Penalty Shots
Aleksander Barkov, Steven Stamkos, T.J. Oshie, Cam Atkinson, Anthony Beauvillier

Scratches
Emil Bemstrom (Healthy), CBJ Cap Hit (Suspend)

% Time on Ice - CHICAGO

Lines # - Real PCT - Wanted PCT - Time Play
Normal Forward
1 - 32% - 35% - 16:13
2 - 30% - 30% - 15:03
3 - 26% - 25% - 12:47
4 - 12% - 10% - 6:02
Normal Defense
1 - 35% - 35% - 17:43
2 - 30% - 30% - 14:48
3 - 30% - 25% - 15:05
4 - 5% - 10% - 2:29
PP Forward
1 - 54% - 60% - 2:09
2 - 46% - 40% - 1:49
PP Defense
1 - 46% - 60% - 1:50
2 - 54% - 40% - 2:08
PK Forward
1 - 74% - 60% - 2:57
2 - 26% - 40% - 1:01
PK Defense
1 - 58% - 60% - 2:19
2 - 42% - 40% - 1:39
PK3 Forward
1 - 0% - 60%
2 - 0% - 40%
PK3 Defense
1 - 0% - 60%
2 - 0% - 40%
44 Forward
1 - 48% - 60% - 0:57
2 - 52% - 40% - 1:02
44 Defense
1 - 30% - 60% - 0:36
2 - 70% - 40% - 1:23
Last Minute Offensive  - 0:00
Last Minute Defensive  - 0:00
Total
Forward - 60:00
Defense - 60:00

% Time on Ice - COLUMBUS

Lines # - Real PCT - Wanted PCT - Time Play
Normal Forward
1 - 32% - 35% - 15:51
2 - 30% - 30% - 15:00
3 - 26% - 25% - 12:53
4 - 13% - 10% - 6:21
Normal Defense
1 - 31% - 35% - 15:45
2 - 30% - 30% - 15:14
3 - 29% - 25% - 14:22
4 - 9% - 10% - 4:44
PP Forward
1 - 54% - 60% - 2:09
2 - 46% - 40% - 1:49
PP Defense
1 - 54% - 60% - 2:09
2 - 46% - 40% - 1:49
PK Forward
1 - 78% - 60% - 3:05
2 - 22% - 40% - 0:53
PK Defense
1 - 38% - 60% - 1:30
2 - 62% - 40% - 2:28
PK3 Forward
1 - 0% - 60%
2 - 0% - 40%
PK3 Defense
1 - 0% - 60%
2 - 0% - 40%
44 Forward
1 - 70% - 60% - 1:23
2 - 30% - 40% - 0:36
44 Defense
1 - 48% - 60% - 0:57
2 - 52% - 40% - 1:02
Last Minute Offensive  - 0:00
Last Minute Defensive  - 0:00
Total
Forward - 60:00
Defense - 60:00

Play-by-Play

1st period


0:01 of 1st period - Tyler Bozak wins face-off versus Aleksander Barkov in neutral zone.
0:06 of 1st period - Shot by Nick Leddy.
0:06 of 1st period - Shot Blocked by Steven Stamkos.
0:08 of 1st period - Shot by Tyson Barrie.
0:08 of 1st period - Stopped by David Rittich without a rebound.
0:09 of 1st period - Lars Eller wins face-off versus Frans Nielsen in COLUMBUS zone.
0:09 of 1st period - Jacob Trouba is hit by Milan Lucic and loses puck.
0:21 of 1st period - T.J. Oshie is hit by Travis Dermott and loses puck.
1:00 of 1st period - Shot by Sven Baertschi.
1:00 of 1st period - Stopped by David Rittich without a rebound.
1:01 of 1st period - Derek Grant wins face-off versus Tyler Bozak in COLUMBUS zone.
1:11 of 1st period - Gustav Nyquist is hit by Erik Cernak and loses puck.
1:26 of 1st period - Shot by Tyler Bozak.
1:26 of 1st period - Shot Misses the Net.
1:28 of 1st period - Shot by Tyson Barrie.
1:28 of 1st period - Shot Blocked by Erik Cernak.
1:30 of 1st period - Shot by Tyler Bozak.
1:30 of 1st period - Shot Misses the Net.
1:32 of 1st period - Shot by Gustav Nyquist.
1:32 of 1st period - Shot Blocked by Erik Cernak.
2:06 of 1st period - Minor Penalty to Anthony Beauvillier for Goalie Interference.
2:07 of 1st period - Aleksander Barkov wins face-off versus Frans Nielsen in COLUMBUS zone.
2:07 of 1st period - Aleksander Barkov is hit by Milan Lucic.
2:30 of 1st period - Shot by Travis Dermott.
2:30 of 1st period - Stopped by David Rittich without a rebound.
2:31 of 1st period - Tyler Bozak wins face-off versus Aleksander Barkov in COLUMBUS zone.
2:34 of 1st period - Shot by Gustav Nyquist.
2:34 of 1st period - Stopped by David Rittich without a rebound.
2:35 of 1st period - Derek Grant wins face-off versus Cody Eakin in COLUMBUS zone.
2:56 of 1st period - Tyler Bozak is hit by Ben Chiarot and loses puck.
2:59 of 1st period - Shot by Tyler Bozak.
2:59 of 1st period - Stopped by David Rittich with a rebound.
5:23 of 1st period - Shot by T.J. Oshie.
5:23 of 1st period - Stopped by James Reimer without a rebound.
5:24 of 1st period - Derek Grant wins face-off versus Tyler Bozak in CHICAGO zone.
5:52 of 1st period - Icing by Haydn Fleury.
5:53 of 1st period - Tyler Bozak wins face-off versus Anthony Beauvillier in CHICAGO zone.
6:12 of 1st period - Haydn Fleury is hit by Anthony Beauvillier and loses puck.
6:38 of 1st period - Shot by Erik Haula.
6:38 of 1st period - Goal by Erik Haula - CHICAGO : 1 - COLUMBUS : 0.
6:39 of 1st period - Lars Eller wins face-off versus Connor Bunnaman in neutral zone.
7:02 of 1st period - Icing by Michael Del Zotto.
7:03 of 1st period - Derek Grant wins face-off versus Connor Bunnaman in CHICAGO zone.
7:33 of 1st period - Erik Cernak is hit by Nick Leddy and loses puck.
7:37 of 1st period - Icing by Nick Leddy.
7:38 of 1st period - Frans Nielsen wins face-off versus Aleksander Barkov in CHICAGO zone.
7:40 of 1st period - Tyson Barrie is hit by Steven Stamkos and loses puck.
7:45 of 1st period - Shot by Aleksander Barkov.
7:45 of 1st period - Stopped by James Reimer without a rebound.
7:46 of 1st period - Cody Eakin wins face-off versus Aleksander Barkov in CHICAGO zone.
7:46 of 1st period - Cody Eakin is hit by Aleksander Barkov.
8:12 of 1st period - Shot by Nick Leddy.
8:12 of 1st period - Deflect By Tyler Bozak.
8:12 of 1st period - Stopped by David Rittich without a rebound.
8:13 of 1st period - Frans Nielsen wins face-off versus Lars Eller in COLUMBUS zone.
8:16 of 1st period - Shot by Milan Lucic.
8:16 of 1st period - Shot Misses the Net.
8:18 of 1st period - Shot by Erik Haula.
8:18 of 1st period - Stopped by David Rittich with a rebound.
8:24 of 1st period - Shot by Frans Nielsen.
8:24 of 1st period - Shot Misses the Net.
8:26 of 1st period - Shot by Erik Haula.
8:26 of 1st period - Stopped by David Rittich with a rebound.
8:28 of 1st period - Shot by Haydn Fleury.
8:28 of 1st period - Shot Blocked by Jacob Trouba.
8:30 of 1st period - Shot by Frans Nielsen.
8:30 of 1st period - Shot Blocked by Ben Chiarot.
8:41 of 1st period - Icing by Jacob Trouba.
8:42 of 1st period - Lars Eller wins face-off versus Mikkel Boedker in COLUMBUS zone.
8:55 of 1st period - Shot by Sven Baertschi.
8:55 of 1st period - Stopped by David Rittich without a rebound.
8:56 of 1st period - Aleksander Barkov wins face-off versus Tyler Bozak in COLUMBUS zone.
8:56 of 1st period - Aleksander Barkov is hit by Cody Eakin.
9:49 of 1st period - Sean Kuraly is hit by Gustav Nyquist and loses puck.
10:02 of 1st period - Shot by Derek Grant.
10:02 of 1st period - Shot Misses the Net.
10:08 of 1st period - Shot by Cam Atkinson.
10:08 of 1st period - Stopped by James Reimer without a rebound.
10:09 of 1st period - Frans Nielsen wins face-off versus Lars Eller in CHICAGO zone.
10:24 of 1st period - Shot by Frans Nielsen.
10:24 of 1st period - Shot Misses the Net.
10:40 of 1st period - Shot by Frans Nielsen.
10:40 of 1st period - Stopped by David Rittich without a rebound.
10:41 of 1st period - Luke Kunin wins face-off versus Brandon Sutter in COLUMBUS zone.
11:20 of 1st period - John Carlson is hit by Haydn Fleury and loses puck.
11:35 of 1st period - Shot by Anthony Beauvillier.
11:35 of 1st period - Shot Blocked by Haydn Fleury.
11:52 of 1st period - Aleksander Barkov is hit by Haydn Fleury and loses puck.
13:27 of 1st period - Shot by Gustav Nyquist.
13:27 of 1st period - Shot Misses the Net.
13:29 of 1st period - Shot by Mark Pysyk.
13:29 of 1st period - Stopped by David Rittich with a rebound.
13:39 of 1st period - Shot by Cody Eakin.
13:39 of 1st period - Deflect By Tyler Bozak.
13:39 of 1st period - Stopped by David Rittich without a rebound.
13:40 of 1st period - Connor Bunnaman wins face-off versus Luke Kunin in COLUMBUS zone.
13:52 of 1st period - Icing by Jack Roslovic.
13:53 of 1st period - Luke Kunin wins face-off versus Connor Bunnaman in COLUMBUS zone.
14:13 of 1st period - Jack Roslovic is hit by Connor Bunnaman and loses puck.
14:17 of 1st period - Off-side.
14:18 of 1st period - Aleksander Barkov wins face-off versus Frans Nielsen in neutral zone.
14:40 of 1st period - Shot by Tyson Barrie.
14:40 of 1st period - Shot Misses the Net.
15:30 of 1st period - Icing by Jonathan Drouin.
15:31 of 1st period - Brendan Perlini wins face-off versus Lars Eller in COLUMBUS zone.
15:37 of 1st period - Mattias Ekholm is hit by Brett Murray and loses puck.
15:45 of 1st period - Lars Eller is hit by Travis Dermott and loses puck.
15:48 of 1st period - Shot by Jonathan Drouin.
15:48 of 1st period - Deflect By Lars Eller.
15:48 of 1st period - Goal by Lars Eller - CHICAGO : 1 - COLUMBUS : 1.
15:49 of 1st period - Derek Grant wins face-off versus Brandon Sutter in neutral zone.
16:03 of 1st period - Cam Atkinson is hit by Nick Leddy and loses puck.
16:58 of 1st period - Icing by Mattias Ekholm.
16:59 of 1st period - Frans Nielsen wins face-off versus Lars Eller in COLUMBUS zone.
17:29 of 1st period - Shot by Frans Nielsen.
17:29 of 1st period - Shot Misses the Net.
17:53 of 1st period - John Carlson is hit by Tyler Bozak and loses puck.
19:03 of 1st period - Icing by Jacob Trouba.
19:04 of 1st period - Brandon Sutter wins face-off versus Aleksander Barkov in COLUMBUS zone.
19:05 of 1st period - Shot by Sven Baertschi.
19:05 of 1st period - Stopped by David Rittich with a rebound.
19:14 of 1st period - Travis Dermott is hit by Steven Stamkos.
19:24 of 1st period - Shot by Sean Kuraly.
19:24 of 1st period - Deflect By Derek Grant.
19:24 of 1st period - Stopped by James Reimer without a rebound.
19:25 of 1st period - Frans Nielsen wins face-off versus Cam Atkinson in CHICAGO zone.
19:39 of 1st period - Icing by Tyson Barrie.
19:40 of 1st period - Luke Kunin wins face-off versus Frans Nielsen in CHICAGO zone.
19:46 of 1st period - Frans Nielsen is hit by Luke Kunin and loses puck.
Goals for this period are 1 for CHICAGO vs 1 for COLUMBUS.
Shots for this period are 14 for CHICAGO vs 5 for COLUMBUS.

2nd period


0:01 of 2nd period - Steven Stamkos wins face-off versus Tyler Bozak in neutral zone.
0:20 of 2nd period - Shot by Steven Stamkos.
0:20 of 2nd period - Stopped by James Reimer without a rebound.
0:21 of 2nd period - Frans Nielsen wins face-off versus Lars Eller in CHICAGO zone.
0:28 of 2nd period - Shot by Jonathan Drouin.
0:28 of 2nd period - Stopped by James Reimer without a rebound.
0:29 of 2nd period - Aleksander Barkov wins face-off versus Frans Nielsen in CHICAGO zone.
1:09 of 2nd period - Shot by Steven Stamkos.
1:09 of 2nd period - Stopped by James Reimer without a rebound.
1:10 of 2nd period - Lars Eller wins face-off versus Tyler Bozak in CHICAGO zone.
1:22 of 2nd period - Off-side.
1:23 of 2nd period - Brandon Sutter wins face-off versus Derek Grant in neutral zone.
1:28 of 2nd period - Shot by Sven Baertschi.
1:28 of 2nd period - Stopped by David Rittich without a rebound.
1:29 of 2nd period - Lars Eller wins face-off versus Tyler Bozak in COLUMBUS zone.
1:29 of 2nd period - John Carlson is hit by Cody Eakin and loses puck.
1:44 of 2nd period - Shot by Cody Eakin.
1:44 of 2nd period - Shot Blocked by Carl Gunnarsson.
1:46 of 2nd period - Shot by Haydn Fleury.
1:46 of 2nd period - Stopped by David Rittich without a rebound.
1:47 of 2nd period - Aleksander Barkov wins face-off versus Frans Nielsen in COLUMBUS zone.
1:57 of 2nd period - Icing by Nick Leddy.
1:58 of 2nd period - Frans Nielsen wins face-off versus Derek Grant in CHICAGO zone.
2:02 of 2nd period - Off-side.
2:03 of 2nd period - Aleksander Barkov wins face-off versus Tyler Bozak in neutral zone.
2:16 of 2nd period - Shot by Aleksander Barkov.
2:16 of 2nd period - Shot Hit the Post.
2:18 of 2nd period - Shot by John Carlson.
2:18 of 2nd period - Shot Misses the Net.
2:20 of 2nd period - Shot by Steven Stamkos.
2:20 of 2nd period - Shot Misses the Net.
2:22 of 2nd period - Shot by Mattias Ekholm.
2:22 of 2nd period - Shot Misses the Net.
2:24 of 2nd period - Shot by Aleksander Barkov.
2:24 of 2nd period - Shot Blocked by Tyson Barrie.
2:41 of 2nd period - Icing by Tyler Bozak.
2:42 of 2nd period - Tyler Bozak wins face-off versus Derek Grant in CHICAGO zone.
3:34 of 2nd period - Brandon Sutter is hit by Erik Cernak and loses puck.
4:17 of 2nd period - Shot by Erik Haula.
4:17 of 2nd period - Shot Blocked by Erik Cernak.
5:06 of 2nd period - Shot by Brett Murray.
5:06 of 2nd period - Shot Blocked by Mattias Ekholm.
5:12 of 2nd period - Shot by Brendan Perlini.
5:12 of 2nd period - Stopped by David Rittich with a rebound.
5:48 of 2nd period - Shot by Derek Grant.
5:48 of 2nd period - Stopped by James Reimer with a rebound.
5:50 of 2nd period - Shot by Ben Chiarot.
5:50 of 2nd period - Stopped by James Reimer without a rebound.
5:51 of 2nd period - Luke Kunin wins face-off versus Brandon Sutter in CHICAGO zone.
6:25 of 2nd period - Haydn Fleury is hit by Luke Kunin and loses puck.
6:59 of 2nd period - Icing by Tyler Bozak.
7:00 of 2nd period - Cody Eakin wins face-off versus Aleksander Barkov in CHICAGO zone.
8:06 of 2nd period - Shot by Jonathan Drouin.
8:06 of 2nd period - Stopped by James Reimer without a rebound.
8:07 of 2nd period - Derek Grant wins face-off versus Brandon Sutter in CHICAGO zone.
8:17 of 2nd period - Sean Kuraly is hit by Travis Dermott and loses puck.
8:24 of 2nd period - Shot by Mattias Ekholm.
8:24 of 2nd period - Stopped by James Reimer with a rebound.
8:26 of 2nd period - Shot by Mattias Ekholm.
8:26 of 2nd period - Stopped by James Reimer without a rebound.
8:27 of 2nd period - Frans Nielsen wins face-off versus Lars Eller in CHICAGO zone.
8:50 of 2nd period - Shot by Erik Haula.
8:50 of 2nd period - Stopped by David Rittich without a rebound.
8:51 of 2nd period - Brandon Sutter wins face-off versus Derek Grant in COLUMBUS zone.
9:02 of 2nd period - Shot by Haydn Fleury.
9:02 of 2nd period - Stopped by David Rittich with a rebound.
9:09 of 2nd period - John Carlson is hit by Travis Dermott and loses puck.
10:12 of 2nd period - Shot by T.J. Oshie.
10:12 of 2nd period - Deflect By Jonathan Drouin.
10:12 of 2nd period - Shot Misses the Net.
10:18 of 2nd period - Shot by Jonathan Drouin.
10:18 of 2nd period - Stopped by James Reimer without a rebound.
10:19 of 2nd period - Frans Nielsen wins face-off versus Steven Stamkos in CHICAGO zone.
10:36 of 2nd period - Shot by Frans Nielsen.
10:36 of 2nd period - Stopped by David Rittich with a rebound.
10:48 of 2nd period - Shot by Frans Nielsen.
10:48 of 2nd period - Shot Misses the Net.
12:21 of 2nd period - Shot by Cody Eakin.
12:21 of 2nd period - Stopped by David Rittich without a rebound.
12:22 of 2nd period - Derek Grant wins face-off versus Brandon Sutter in COLUMBUS zone.
12:54 of 2nd period - Shot by Derek Grant.
12:54 of 2nd period - Stopped by James Reimer without a rebound.
12:55 of 2nd period - Aleksander Barkov wins face-off versus Frans Nielsen in CHICAGO zone.
12:58 of 2nd period - Shot by Steven Stamkos.
12:58 of 2nd period - Goal by Steven Stamkos - CHICAGO : 1 - COLUMBUS : 2.
12:59 of 2nd period - Frans Nielsen wins face-off versus Anthony Beauvillier in neutral zone.
13:12 of 2nd period - Shot by Steven Stamkos.
13:12 of 2nd period - Stopped by James Reimer with a rebound.
13:28 of 2nd period - Shot by John Carlson.
13:28 of 2nd period - Stopped by James Reimer with a rebound.
13:41 of 2nd period - Icing by Mattias Ekholm.
13:42 of 2nd period - Aleksander Barkov wins face-off versus Tyler Bozak in COLUMBUS zone.
13:46 of 2nd period - Off-side.
13:47 of 2nd period - Tyler Bozak wins face-off versus Lars Eller in neutral zone.
14:43 of 2nd period - Off-side.
14:44 of 2nd period - Aleksander Barkov wins face-off versus Frans Nielsen in neutral zone.
15:03 of 2nd period - Shot by Aleksander Barkov.
15:03 of 2nd period - Stopped by James Reimer without a rebound.
15:04 of 2nd period - Derek Grant wins face-off versus Sven Baertschi in CHICAGO zone.
15:04 of 2nd period - Derek Grant is hit by Mark Pysyk.
15:10 of 2nd period - Shot by Cam Atkinson.
15:10 of 2nd period - Deflect By Derek Grant.
15:10 of 2nd period - Shot Blocked by Mark Pysyk.
15:28 of 2nd period - Sven Baertschi is hit by Sean Kuraly and loses puck.
15:36 of 2nd period - Mikkel Boedker is hit by Erik Cernak.
15:38 of 2nd period - Shot by Sven Baertschi.
15:38 of 2nd period - Deflect By Mikkel Boedker.
15:38 of 2nd period - Shot Blocked by Ryan Murray.
15:40 of 2nd period - Shot by Sven Baertschi.
15:40 of 2nd period - Shot Misses the Net.
15:42 of 2nd period - Shot by Michael Del Zotto.
15:42 of 2nd period - Shot Blocked by Ryan Murray.
16:17 of 2nd period - Shot by Aleksander Barkov.
16:17 of 2nd period - Stopped by James Reimer with a rebound.
16:26 of 2nd period - Steven Stamkos is hit by Nick Leddy.
16:33 of 2nd period - Aleksander Barkov is hit by Nick Leddy and loses puck.
17:00 of 2nd period - Minor Penalty to Cody Eakin for Holding Stick.
17:01 of 2nd period - Lars Eller wins face-off versus Frans Nielsen in CHICAGO zone.
17:04 of 2nd period - Shot by Jonathan Drouin.
17:04 of 2nd period - Stopped by James Reimer without a rebound.
17:05 of 2nd period - Lars Eller wins face-off versus Frans Nielsen in CHICAGO zone.
17:12 of 2nd period - Shot by Lars Eller.
17:12 of 2nd period - Shot Misses the Net.
17:29 of 2nd period - Icing by Jacob Trouba.
17:30 of 2nd period - Lars Eller wins face-off versus Gustav Nyquist in COLUMBUS zone.
18:07 of 2nd period - Shot by Mattias Ekholm.
18:07 of 2nd period - Stopped by James Reimer with a rebound.
18:09 of 2nd period - Shot by Steven Stamkos.
18:09 of 2nd period - Stopped by James Reimer without a rebound.
18:10 of 2nd period - Gustav Nyquist wins face-off versus Aleksander Barkov in CHICAGO zone.
18:26 of 2nd period - Shot by John Carlson.
18:26 of 2nd period - Stopped by James Reimer without a rebound.
18:27 of 2nd period - Aleksander Barkov wins face-off versus Mikkel Boedker in CHICAGO zone.
19:28 of 2nd period - Sean Kuraly is hit by Travis Dermott and loses puck.
Goals for this period are 0 for CHICAGO vs 1 for COLUMBUS.
Shots for this period are 7 for CHICAGO vs 19 for COLUMBUS.

3rd period


0:01 of 3rd period - Lars Eller wins face-off versus Frans Nielsen in neutral zone.
0:57 of 3rd period - Minor Penalty to Anthony Beauvillier for Hooking.
0:58 of 3rd period - Aleksander Barkov wins face-off versus Tyler Bozak in COLUMBUS zone.
0:58 of 3rd period - Aleksander Barkov is hit by Cody Eakin.
1:16 of 3rd period - Shot by Tyler Bozak.
1:16 of 3rd period - Stopped by David Rittich without a rebound.
1:17 of 3rd period - Aleksander Barkov wins face-off versus Tyler Bozak in COLUMBUS zone.
1:42 of 3rd period - Shot by Tyson Barrie.
1:42 of 3rd period - Shot Misses the Net.
1:46 of 3rd period - Shot by Gustav Nyquist.
1:46 of 3rd period - Stopped by David Rittich without a rebound.
1:47 of 3rd period - Frans Nielsen wins face-off versus Aleksander Barkov in COLUMBUS zone.
3:02 of 3rd period - Shot by Brandon Sutter.
3:02 of 3rd period - Stopped by David Rittich without a rebound.
3:03 of 3rd period - Lars Eller wins face-off versus Brandon Sutter in COLUMBUS zone.
3:16 of 3rd period - Shot by Brandon Sutter.
3:16 of 3rd period - Stopped by David Rittich without a rebound.
3:17 of 3rd period - Derek Grant wins face-off versus Connor Bunnaman in COLUMBUS zone.
3:17 of 3rd period - Mattias Ekholm is hit by Brendan Perlini and loses puck.
3:26 of 3rd period - Mark Pysyk is hit by Cam Atkinson and loses puck.
3:47 of 3rd period - Shot by Sean Kuraly.
3:47 of 3rd period - Deflect By Cam Atkinson.
3:47 of 3rd period - Stopped by James Reimer with a rebound.
3:49 of 3rd period - Shot by Sean Kuraly.
3:49 of 3rd period - Stopped by James Reimer without a rebound.
3:50 of 3rd period - Aleksander Barkov wins face-off versus Tyler Bozak in CHICAGO zone.
4:48 of 3rd period - Shot by Erik Haula.
4:48 of 3rd period - Stopped by David Rittich without a rebound.
4:49 of 3rd period - Mikkel Boedker wins face-off versus Lars Eller in COLUMBUS zone.
4:50 of 3rd period - Shot by Mark Pysyk.
4:50 of 3rd period - Shot Misses the Net.
5:02 of 3rd period - T.J. Oshie is hit by Brandon Sutter and loses puck.
5:27 of 3rd period - Shot by Jonathan Drouin.
5:27 of 3rd period - Stopped by James Reimer without a rebound.
5:28 of 3rd period - Frans Nielsen wins face-off versus Derek Grant in CHICAGO zone.
5:28 of 3rd period - Frans Nielsen is hit by Sean Kuraly.
6:02 of 3rd period - Shot by Sean Kuraly.
6:02 of 3rd period - Deflect By Derek Grant.
6:02 of 3rd period - Stopped by James Reimer without a rebound.
6:03 of 3rd period - Tyler Bozak wins face-off versus Jack Roslovic in CHICAGO zone.
6:23 of 3rd period - Shot by Gustav Nyquist.
6:23 of 3rd period - Shot Misses the Net.
6:25 of 3rd period - Shot by Tyson Barrie.
6:25 of 3rd period - Shot Misses the Net.
6:29 of 3rd period - Shot by Gustav Nyquist.
6:29 of 3rd period - Stopped by David Rittich without a rebound.
6:30 of 3rd period - Aleksander Barkov wins face-off versus Brandon Sutter in COLUMBUS zone.
6:37 of 3rd period - Michael Del Zotto is hit by Steven Stamkos and loses puck.
6:52 of 3rd period - Shot by Brandon Sutter.
6:52 of 3rd period - Shot Misses the Net.
6:54 of 3rd period - Shot by Michael Del Zotto.
6:54 of 3rd period - Shot Misses the Net.
6:56 of 3rd period - Shot by Sven Baertschi.
6:56 of 3rd period - Stopped by David Rittich without a rebound.
6:57 of 3rd period - Lars Eller wins face-off versus Frans Nielsen in COLUMBUS zone.
7:28 of 3rd period - Shot by T.J. Oshie.
7:28 of 3rd period - Shot Blocked by Tyson Barrie.
7:30 of 3rd period - Shot by T.J. Oshie.
7:30 of 3rd period - Stopped by James Reimer without a rebound.
7:31 of 3rd period - Aleksander Barkov wins face-off versus Tyler Bozak in CHICAGO zone.
7:33 of 3rd period - Minor Penalty to Travis Dermott for Hooking.
7:34 of 3rd period - Aleksander Barkov wins face-off versus Gustav Nyquist in CHICAGO zone.
8:05 of 3rd period - Shot by Mattias Ekholm.
8:05 of 3rd period - Shot Blocked by Nick Leddy.
8:07 of 3rd period - Shot by John Carlson.
8:07 of 3rd period - Stopped by James Reimer without a rebound.
8:08 of 3rd period - Lars Eller wins face-off versus Gustav Nyquist in CHICAGO zone.
8:09 of 3rd period - Shot by Jacob Trouba.
8:09 of 3rd period - Stopped by James Reimer without a rebound.
8:10 of 3rd period - Lars Eller wins face-off versus Gustav Nyquist in CHICAGO zone.
8:11 of 3rd period - Shot by Jacob Trouba.
8:11 of 3rd period - Stopped by James Reimer with a rebound.
9:15 of 3rd period - Shot by Aleksander Barkov.
9:15 of 3rd period - Stopped by James Reimer without a rebound.
9:16 of 3rd period - Frans Nielsen wins face-off versus Aleksander Barkov in CHICAGO zone.
9:27 of 3rd period - Shot by John Carlson.
9:27 of 3rd period - Shot Misses the Net.
9:32 of 3rd period - Minor Penalty to Steven Stamkos for Hooking.
9:32 of 3rd period - Minor Penalty to Michael Del Zotto for Hooking.
9:33 of 3rd period - Frans Nielsen wins face-off versus Aleksander Barkov in CHICAGO zone.
9:33 of 3rd period - Travis Dermott is hit by T.J. Oshie and loses puck.
9:42 of 3rd period - Shot by T.J. Oshie.
9:42 of 3rd period - Shot Misses the Net.
9:44 of 3rd period - Shot by Aleksander Barkov.
9:44 of 3rd period - Shot Blocked by Mark Pysyk.
9:46 of 3rd period - Shot by T.J. Oshie.
9:46 of 3rd period - Shot Misses the Net.
9:50 of 3rd period - Shot by Aleksander Barkov.
9:50 of 3rd period - Goal by Aleksander Barkov - CHICAGO : 1 - COLUMBUS : 3.
9:51 of 3rd period - Aleksander Barkov wins face-off versus Brett Murray in neutral zone.
9:56 of 3rd period - Shot by Mattias Ekholm.
9:56 of 3rd period - Shot Misses the Net.
10:11 of 3rd period - Off-side.
10:12 of 3rd period - Aleksander Barkov wins face-off versus Gustav Nyquist in neutral zone.
10:37 of 3rd period - Gustav Nyquist is hit by Ben Chiarot and loses puck.
11:28 of 3rd period - Shot by Cam Atkinson.
11:28 of 3rd period - Stopped by James Reimer without a rebound.
11:29 of 3rd period - Sean Kuraly wins face-off versus Gustav Nyquist in CHICAGO zone.
11:34 of 3rd period - Shot by Kaapo Kakko.
11:34 of 3rd period - Stopped by James Reimer with a rebound.
12:17 of 3rd period - Icing by Nick Leddy.
12:18 of 3rd period - Brandon Sutter wins face-off versus Derek Grant in CHICAGO zone.
12:18 of 3rd period - Brandon Sutter is hit by Sean Kuraly.
12:24 of 3rd period - Shot by Derek Grant.
12:24 of 3rd period - Shot Blocked by Tyson Barrie.
12:27 of 3rd period - Icing by Tyson Barrie.
12:28 of 3rd period - Brandon Sutter wins face-off versus Aleksander Barkov in CHICAGO zone.
12:49 of 3rd period - Shot by Steven Stamkos.
12:49 of 3rd period - Stopped by James Reimer without a rebound.
12:50 of 3rd period - Jonathan Drouin wins face-off versus Frans Nielsen in CHICAGO zone.
12:50 of 3rd period - Jonathan Drouin is hit by Michael Del Zotto.
13:00 of 3rd period - Shot by Jonathan Drouin.
13:00 of 3rd period - Shot Misses the Net.
13:14 of 3rd period - Shot by Milan Lucic.
13:14 of 3rd period - Shot Misses the Net.
13:51 of 3rd period - Cody Eakin is hit by Aleksander Barkov and loses puck.
14:16 of 3rd period - Icing by Gustav Nyquist.
14:17 of 3rd period - Sean Kuraly wins face-off versus Tyler Bozak in CHICAGO zone.
14:20 of 3rd period - Shot by Cam Atkinson.
14:20 of 3rd period - Shot Misses the Net.
15:17 of 3rd period - Icing by John Carlson.
15:18 of 3rd period - Luke Kunin wins face-off versus Frans Nielsen in COLUMBUS zone.
15:35 of 3rd period - Shot by Luke Kunin.
15:35 of 3rd period - Shot Blocked by Tyson Barrie.
16:51 of 3rd period - Shot by Steven Stamkos.
16:51 of 3rd period - Deflect By Aleksander Barkov.
16:51 of 3rd period - Shot Misses the Net.
17:00 of 3rd period - Icing by Mark Pysyk.
17:01 of 3rd period - Lars Eller wins face-off versus Brandon Sutter in CHICAGO zone.
17:39 of 3rd period - Off-side.
17:40 of 3rd period - Frans Nielsen wins face-off versus Derek Grant in neutral zone.
18:05 of 3rd period - Milan Lucic is hit by Sean Kuraly and loses puck.
18:16 of 3rd period - Shot by Derek Grant.
18:16 of 3rd period - Stopped by James Reimer without a rebound.
18:17 of 3rd period - Tyler Bozak wins face-off versus Aleksander Barkov in CHICAGO zone.
18:26 of 3rd period - Shot by Tyler Bozak.
18:26 of 3rd period - Shot Blocked by Jacob Trouba.
18:28 of 3rd period - Shot by Tyler Bozak.
18:28 of 3rd period - Stopped by David Rittich without a rebound.
18:29 of 3rd period - Lars Eller wins face-off versus Connor Bunnaman in COLUMBUS zone.
18:36 of 3rd period - Shot by Lars Eller.
18:36 of 3rd period - Shot Misses the Net.
19:32 of 3rd period - Shot by Gustav Nyquist.
19:32 of 3rd period - Deflect By Cody Eakin.
19:32 of 3rd period - Stopped by David Rittich without a rebound.
19:33 of 3rd period - Aleksander Barkov wins face-off versus Frans Nielsen in COLUMBUS zone.
19:53 of 3rd period - Shot by Aleksander Barkov.
19:53 of 3rd period - Stopped by James Reimer without a rebound.
19:54 of 3rd period - Tyler Bozak wins face-off versus Derek Grant in CHICAGO zone.
19:54 of 3rd period - Tyler Bozak is hit by Sean Kuraly.
19:57 of 3rd period - Mark Pysyk is hit by Sean Kuraly and loses puck.
Goals for this period are 0 for CHICAGO vs 1 for COLUMBUS.
Shots for this period are 9 for CHICAGO vs 15 for COLUMBUS.